 Dungeon Crawl Stone Soup version 0.23.0-3-gf3c87f2 (webtiles) character file.

Game seed: 2952451149088503787

55 Borgoz the Sneak (level 3, -5/26 HPs)
             Began as a Ghoul Enchanter on Feb 24, 2019.
             Slain by a worm (10 damage)
             ... on level 2 of the Dungeon.
             The game lasted 00:03:26 (1932 turns).

Borgoz the Sneak (Ghoul Enchanter)                  Turns: 1932, Time: 00:03:27

Health: -5/26      AC:  5    Str: 11      XL:     3   Next: 93%
Magic:  5/5        EV: 12    Int:  9 (10) God:
Gold:   103        SH:  0    Dex:  9 (10) Spells: 3/6 levels left

rFire    . . .     SeeInvis .   a - +1 dagger
rCold    + + +     Gourm    .   (no shield)
rNeg     + + +     Faith    .   h - +1 leather armour {rC+}
rPois    ∞         Spirit   .   (no helmet)
rElec    .         Reflect  .   (no cloak)
rCorr    .         Harm     .   (no gloves)
MR       .....                  b - +0 pair of boots
Stlth    ++........             (no amulet)
HPRegen  0.00/turn              k - ring of wizardry
MPRegen  0.09/turn              m - ring of protection from cold

@: very slightly contaminated, rotting
A: rotting body, claws 1, carnivore, cold resistance 1, negative energy
resistance 3, inhibited regeneration, torment resistance, unbreathing
a: no special abilities


You were on level 2 of the Dungeon.
You were not hungry.

You visited 1 branch of the dungeon, and saw 2 of its levels.

You collected 103 gold pieces.

Inventory:

Hand Weapons
 a - a +1 dagger (weapon)
Missiles
 g - 13 poisoned needles
Armour
 b - a +0 pair of boots (worn)
 h - a +1 leather armour of cold resistance (worn)
Jewellery
 k - a ring of wizardry (left claw)
 m - a ring of protection from cold (right claw)
Scrolls
 e - a scroll of identify
 f - 2 scrolls of teleportation
Comestibles
 d - 2 rations


   Skills:
 + Level 2.0 Short Blades
 + Level 2.5 Dodging
 - Level 3.2 Stealth
 + Level 2.4 Spellcasting
 - Level 2.4 Hexes


You had 3 spell levels left.
You knew the following spells:

 Your Spells              Type           Power        Failure   Level  Hunger
a - Corona                Hex            #......      6%          1    ##.....
b - Ensorcelled Hibernat  Hex/Ice        #.....       16%         2    ###....

Your spell library contained the following spells:

 Spells                   Type           Power        Failure   Level  Hunger
 Confuse                  Hex            #.......     19%         3    ####...
 Tukima's Dance           Hex            #.......     19%         3    ####...
 Dazzling Spray           Conj/Hex       #.....       30%         3    ####...


Dungeon Overview and Level Annotations

Branches:
Dungeon (2/15)

Altars:


Innate Abilities, Weirdness & Mutations

Your body is rotting away.
You thrive on raw meat.
You are immune to poison.
You have sharp fingernails.
You are carnivorous and can eat meat at any time.
Your flesh is cold resistant. (rC+)
You are immune to negative energy. (rN+++)
You do not regenerate when monsters are visible.
You are immune to unholy pain and torment.
You can survive without breathing.


Message History

You hit the worm.
The worm is heavily wounded.
You hit the worm.
The worm is severely wounded.
The worm bites you but does no damage.
You hit the worm.
The worm is almost dead.
You barely miss the worm.
The worm is almost dead.
The worm bites you.
You hit the worm.
The worm is almost dead.
The worm bites you.
* * * LOW HITPOINT WARNING * * *
You hit the worm.
The worm is almost dead.
You hit the worm but do no damage.
The worm is almost dead.
The worm bites you!
You die...

############# #####
)...........###...#
##..#######.......#
## ##...##
#####.@.# ..
#.....# ##w##
##...## #.# ##.##
#.# #.# ## #<# #.#
.. #.# ##'##
###.#.## ##...##
#......# #.....##
#.####.#


You could see a worm.

Vanquished Creatures
  3 adders (D:2)
  An ooze (D:2)
  A worm (D:2)
  2 bats
  A giant cockroach (D:1)
  A gnoll zombie (D:2)
  2 goblins
  A hobgoblin (D:2)
  4 kobolds
  A quokka (D:2)
  A frilled lizard (D:1)
  4 rats
22 creatures vanquished.

Notes
Turn   | Place    | Note
-------+----------+-------------------------------------------
     0 | D:1      | Borgoz the Ghoul Enchanter began the quest for the Orb.
     0 | D:1      | Reached XP level 1. HP: 14/14 MP: 2/2
   158 | D:1      | Reached skill level 1 in Short Blades
   650 | D:1      | Reached XP level 2. HP: 18/19 MP: 4/4
  1007 | D:2      | Reached XP level 3. HP: 19/26 MP: 5/5
  1011 | D:2      | Learned a level 2 spell: Ensorcelled Hibernation
  1088 | D:2      | Found a faded altar of an unknown god.
  1932 | D:2      | Slain by a worm

Skill      XL: |  1  2  3 |
---------------+----------+-----
Short Blades   | 1 2 |  2.0
Dodging        | 2 |  2.5
Spellcasting   | 2 |  2.4
Stealth        | |  3.2
Hexes          | |  2.4

Action                   || total
-------------------------++-------
Melee: Dagger            ||   125
 Cast: Ensorcelled Hiber ||     4
  Use: Potion            ||     5
       Scroll            ||     4
 Stab: Sleeping          ||     9
  Eat: Chunk             ||     9
Armor: Robe              ||     1
       Leather armour    ||    19
Dodge: Dodged            ||    68
